 Dungeon Sprint DCSS version 0.29-a0-337-g68df138881 (webtiles) character file.

Game seed: 18304268434477569342

163605 mhtbhm the Conqueror (level 15, -63/174 HPs)
             Began as a Minotaur Berserker on Apr 16, 2022.
             Was the Champion of Trog.
             Killed from afar by Xtahua (66 damage)
             ... with a searing blast
             ... while paralysed by Xtahua
             ... in the Dungeon (Sprint IX: "|||||||||||||||||||||||||||||").
             The game lasted 00:14:34 (11199 turns).

mhtbhm the Conqueror (Minotaur Berserker)          Turns: 11199, Time: 00:14:34

Health: -63/174    AC: 25    Str: 31    XL:     15   Next: 78%
Magic:  14/14      EV:  2    Int:  6    God:    Trog [******]
Gold:   300        SH:  0    Dex: 11    Spells: 14/14 levels left

rFire   . . .      SeeInvis .   a - +4 demon blade "Jellybane" {flame, rPois rC+ Will+}
rCold   + . .      Faith    .   C - +3 tower shield
rNeg    . . .      Spirit   .   b - +4 chain mail {rPois}
rPois   +          Reflect  .   (helmet restricted)
rElec   .          Harm     +   J - +0 cloak of the Earth {-Tele rPois Regen+ Int+2}
rCorr   +          Rampage  .   H - +0 pair of gloves of Solemn Fun {rPois rF- rCorr Dex+5}
Will    ++...      NoTele   +   B - +0 pair of boots "Uzi Tis" {Harm rF+ Dex-5 Slay+2}
Stlth   ..........              (no amulet)
HPRegen 1.19/turn               o - +4 ring of evasion
MPRegen 0.14/turn               n - +3 ring of strength

@: paralysed
A: horns 2, retaliatory headbutt
}: 4/17 runes: decaying, serpentine, barnacled, gossamer
a: Renounce Religion, Berserk, Trog's Hand, Brothers in Arms


You were in the Dungeon.
You worshipped Trog.
Trog was exalted by your worship.
You visited 1 branch You collected 1967 gold pieces.
You spent 1667 gold pieces at shops.

Inventory:

Hand Weapons
 a - the +4 demon blade "Jellybane" (weapon) {flame, rPois rC+ Will+}
   (Trog gifted it to you in the Dungeon)

   It burns those it strikes, dealing additional fire damage.
   Big, fiery blades are also staple armaments of hydra-hunters.
   rC:        It protects you from cold.
   rPois:     It protects you from poison.
   Will:      It increases your willpower.
Missiles
 k - 7 javelins
 v - 2 silver javelins (quivered)
Armour
 b - a +4 chain mail of poison resistance (worn)
 t - +1 acid dragon scales
 B - the +0 pair of boots "Uzi Tis" (worn) {Harm rF+ Dex-5 Slay+2}
   (You found it in the Dungeon)

   Dex:       It affects your dexterity (-5).
   Slay:      It affects your accuracy & damage with ranged weapons and melee
   (+2).
   rF:        It protects you from fire.
   Harm:      It increases damage dealt and taken.
 C - a +3 tower shield (worn)
 H - the +0 pair of gloves of Solemn Fun (worn) {rPois rF- rCorr Dex+5}
   (You found it in the Dungeon)

   Dex:       It affects your dexterity (+5).
   rF:        It makes you vulnerable to fire.
   rPois:     It protects you from poison.
   rCorr:     It protects you from acid and corrosion.
 I - a +0 pair of gloves of stealth
 J - the +0 cloak of the Earth (worn) {-Tele rPois Regen+ Int+2}
   (You found it in the Dungeon)

   Int:       It affects your intelligence (+2).
   rPois:     It protects you from poison.
   -Tele:     It prevents most forms of teleportation.
   Regen:     It increases your rate of health regeneration.
Jewellery
 n - a +3 ring of strength (right hand)
 o - a +4 ring of evasion (left hand)
 z - a ring of poison resistance
 A - a ring of see invisible
 D - a ring of positive energy
 E - a +2 ring of slaying
 G - a +4 ring of protection
Wands
 j - a wand of iceblast (19)
 y - a wand of acid (5)
Scrolls
 h - 5 scrolls of blinking
 l - 2 scrolls of enchant weapon
 m - 2 scrolls of enchant armour
 r - 3 scrolls of fog
 s - 4 scrolls of fear
Potions
 c - 8 potions of curing
 d - 2 potions of heal wounds
 e - a potion of haste
 f - 4 potions of magic
 g - a potion of berserk rage
 i - a potion of invisibility
 p - 5 potions of mutation
 q - 4 potions of might
 u - 2 potions of attraction {unknown}
 w - a potion of lignification {unknown}
 x - 3 potions of brilliance


   Skills:
 O Level 27 Fighting
 O Level 27 Long Blades
 + Level 1.0 Throwing
 + Level 21.3 Armour
 + Level 21.1 Dodging
 - Level 4.1 Stealth
 O Level 27 Shields
 + Level 4.9 Evocations


You had 14 spell levels left.
You didn't know any spells.
Your spell library was empty.

Dungeon Overview and Level Annotations

Branches:
Dungeon (1/1)

Altars:
Cheibriados
Dithmenos
Elyvilon
Fedhas
Gozag
Hepliaklqana
Kikubaaqudgha
Makhleb
Nemelex Xobeh
Okawaru
Qazlal
Ru
Sif Muna
Trog
Uskayaw
Vehumet
Wu Jian
Xom
Yredelemnul
Zin
The Shining One
Beogh
Jiyva
Lugonu

Shops:
D [*([

Annotations:
D Xtahua


Innate Abilities, Weirdness & Mutations

You have a pair of horns on your head.
You reflexively headbutt those who attack you in melee.


Message History

Xtahua is heavily wounded.
You block Xtahua's attack. x3
You hit Xtahua.
Xtahua is heavily wounded.
You block Xtahua's attack. x3
You slash Xtahua! You burn Xtahua. Your headbutt misses Xtahua.
Xtahua is severely wounded.
Unknown command.
You hit Xtahua but do no damage. Your headbutt misses Xtahua.
Xtahua is severely wounded.
You block Xtahua's attack. x2; Xtahua tramples you but does no damage.
Unknown command.
You slash Xtahua!
Xtahua is severely wounded.
Unknown command.
You slice Xtahua!! You burn Xtahua.
Xtahua is almost dead.
Xtahua bites you! You block Xtahua's attack. Xtahua misses you.
Unknown command.
You hit Xtahua but do no damage.
Xtahua is almost dead.
Xtahua roars overwhelmingly at you!
You suddenly lose the ability to move!
Xtahua bites you! Xtahua claws you. Xtahua tramples you but does no damage.
Xtahua breathes fire at you. The searing blast hits you!!!
Xtahua breathes fire at you. The searing blast hits you!!!
* * * LOW HITPOINT WARNING * * *
Xtahua bites you but does no damage. Xtahua claws you but does no damage.
Xtahua tramples you but does no damage. Xtahua bites you!
* * * LOW HITPOINT WARNING * * *
Xtahua claws you but does no damage. Xtahua tramples you but does no damage.
Xtahua bites you but does no damage. Xtahua claws you.
* * * LOW HITPOINT WARNING * * *
Xtahua completely misses you. Xtahua breathes fire at you.
The searing blast hits you!!!
You die...

................................)
▓▓▓▓▓▓▓▓▓▓▓▓▓▓▓▓▓▓▓▓▓▓▓▓▓▓▓▓▓▓▓▓▓
'....................[.[[[....)))
▓▓▓▓▓▓▓▓▓▓▓▓▓▓▓▓▓▓▓▓▓▓▓▓▓▓▓▓▓▓▓▓▓
.................................
♣♣♣♣♣♣♣♣♣▓▓▓▓▓▓▓▓▓▓▓▓▓▓▓▓▓▓▓▓▓▓▓▓
...††).††)....)).)))))')).....)))
♣♣♣♣♣♣♣♣♣▓▓▓▓▓▓▓▓▓▓▓▓▓▓▓▓▓▓▓▓▓▓▓▓
............○...@D......
▓▓▓▓▓▓▓▓▓▓▓▓▓▓▓▓▓▓▓▓▓▓▓▓


You could see Xtahua (catching breath).

Vanquished Creatures
  Boris (D)
  Saint Roka (D)
  Nikola (D)
  Jory (D)
  A sphinx (D)
  2 fire giants (D)
  7 nagarajas (D)
  A ghost moth (D)
  Aizul (D)
  2 emperor scorpions (D)
  A vault warden (D)
  An ironbound preserver (D)
  3 stone giants (D)
  3 very ugly things (D)
  Azrael (D)
  2 ettins (D)
  3 merfolk javelineers (D)
  A merfolk impaler (D)
  2 fire dragons (D)
  2 great orbs of eyes (D)
  Erolcha (D)
  5 hydras (D)
  An anaconda (D)
  2 ironbound frosthearts (D)
  A death knight (D)
  3 merfolk aquamancers (D)
  2 naga warriors (D)
  3 alligators (D)
  3 deep troll shamans (D)
  A spriggan air mage (D)
  A merfolk avatar (D)
  An alligator snapping turtle (D)
  A centaur warrior (D)
  2 tengu warriors (D)
  5 orc high priests (D)
  A shock serpent (D)
  3 spriggan berserkers (D)
  Urug (D)
  2 spriggans (D)
  A pharaoh ant (D)
  2 sea snakes (D)
  A glowing orange brain (D)
  A spriggan druid (D)
  A bog body (D)
  An orb spider (D)
  7 swamp dragons (D)
  3 steelbarb worms (D)
  7 orc knights (D)
  A mana viper (D)
  2 wizards (D)
  3 ugly things (D)
  5 wolf spiders (D)
  A will-o-the-wisp (D)
  2 orc sorcerers (D)
  2 cyclopes (D)
  3 moths of wrath (D)
  Maurice (D)
  An elephant (D)
  2 naga magi (D)
  5 vault sentinels (D)
  4 black mambas (D)
  A water nymph (shapeshifter) (D)
  4 guardian serpents (D)
  4 cane toads (D)
  2 komodo dragons (D)
  A tengu conjurer (D)
  A freezing wraith (D)
  2 merfolk (D)
  A meliai (D)
  3 tyrant leeches (D)
  A troll (D)
  2 slime creatures (D)
  2 blink frogs (D)
  2 hornets (D)
  3 jumping spiders (D)
  A wyvern (D)
  A yak (D)
  A vampire (D)
  2 wraiths (D)
  3 fire elementals (D)
  Grum (D)
  3 redbacks (D)
  A vampire mosquito (D)
  A naga (D)
  3 hell hounds (D)
  2 water moccasins (D)
  11 orc warriors (D)
  A black bear (D)
  2 swamp drakes (D)
  4 wolves (D)
  2 centaurs (D)
  3 bullfrogs (D)
  A killer bee (D)
  A howler monkey (D)
  2 orc priests (D)
  2 orc wizards (D)
  A hell rat (D)
  An adder (D)
  3 dart slugs (D)
  12 orcs (D)
  2 ball pythons (D)
  2 goblins (D)
230 creatures vanquished.

Vanquished Creatures (collateral kills)
  Ilsuiw (D)
  A dire elephant (D)
  A peacekeeper (D)
  A catoblepas (D)
  A merfolk aquamancer (D)
  2 orc high priests (D)
  2 ironbound convokers (D)
  2 orc knights (D)
  An elephant (D)
  A merfolk siren (D)
  A water nymph (D)
  2 vault sentinels (D)
  A komodo dragon (D)
  A merfolk (D)
  A snapping turtle (D)
  A water moccasin (D)
20 creatures vanquished.

Vanquished Creatures (others)
  A very ugly thing (D)
  A fire dragon (D)
  3 merfolk aquamancers (D)
  A mana viper (D)
6 creatures vanquished.

Grand Total: 256 creatures vanquished

Notes
Turn   | Place    | Note
-------+----------+-------------------------------------------
     0 | D        | mhtbhm the Minotaur Berserker began the quest for the Orb.
     0 | D        | Reached XP level 1. HP: 19/19 MP: 0/0
     8 | D        | Reached ** piety under Trog
    89 | D        | Noticed a water moccasin
    94 | D        | Reached XP level 2. HP: 28/28 MP: 1/1
    97 | D        | Killed a water moccasin
    97 | D        | Reached *** piety under Trog
    98 | D        | Reached XP level 3. HP: 40/40 MP: 2/2
    98 | D        | Reached XP level 4. HP: 48/48 MP: 3/3
   116 | D        | Found a snail-covered altar of Cheibriados.
   116 | D        | Found a shadowy altar of Dithmenos.
   116 | D        | Found a white marble altar of Elyvilon.
   116 | D        | Found a blossoming altar of Fedhas.
   116 | D        | Found an opulent altar of Gozag.
   117 | D        | Found a hazy altar of Hepliaklqana.
   118 | D        | Found a viscous altar of Jiyva.
   119 | D        | Found an ancient bone altar of Kikubaaqudgha.
   120 | D        | Found a corrupted altar of Lugonu.
   121 | D        | Found a burning altar of Makhleb.
   122 | D        | Found a sparkling altar of Nemelex Xobeh.
   123 | D        | Found an iron altar of Okawaru.
   124 | D        | Found a stormy altar of Qazlal.
   125 | D        | Found a sacrificial altar of Ru.
   126 | D        | Found a shimmering blue altar of Sif Muna.
   127 | D        | Found a bloodstained altar of Trog.
   128 | D        | Found a hide-covered altar of Uskayaw.
   129 | D        | Found a radiant altar of Vehumet.
   130 | D        | Found an ornate altar of the Wu Jian Council.
   131 | D        | Found a shimmering altar of Xom.
   132 | D        | Found a basalt altar of Yredelemnul.
   133 | D        | Found a glowing silver altar of Zin.
   134 | D        | Found a glowing golden altar of the Shining One.
   187 | D        | Noticed a troll
   187 | D        | Noticed a centaur
   187 | D        | Noticed a wraith
   187 | D        | Noticed a wraith
   192 | D        | Reached **** piety under Trog
   193 | D        | Reached XP level 5. HP: 56/56 MP: 4/4
   199 | D        | Killed a wraith
   200 | D        | Reached skill level 10 in Fighting
   200 | D        | Reached skill level 10 in Long Blades
   200 | D        | Reached skill level 5 in Armour
   200 | D        | Reached skill level 5 in Dodging
   200 | D        | Reached XP level 6. HP: 67/67 MP: 5/5
   204 | D        | Killed a wraith
   208 | D        | Reached ***** piety under Trog
   209 | D        | Reached XP level 7. HP: 62/74 MP: 6/6
   212 | D        | Killed a troll
   317 | D        | Noticed a green ugly thing
   317 | D        | Noticed a cyclops
   317 | D        | Noticed a vampire
   317 | D        | Noticed a tengu warrior
   317 | D        | Noticed a vampire mosquito
   319 | D        | Killed a vampire mosquito
   326 | D        | Killed a tengu warrior
   327 | D        | Reached skill level 15 in Long Blades
   327 | D        | Reached XP level 8. HP: 86/86 MP: 7/7
   329 | D        | Received a gift from Trog
   335 | D        | Killed a cyclops
   336 | D        | Reached XP level 9. HP: 64/96 MP: 8/8
   341 | D        | Killed a green ugly thing
   593 | D        | Noticed a cane toad
   593 | D        | Noticed a komodo dragon
   595 | D        | Noticed a komodo dragon
   601 | D        | Noticed an elephant
   603 | D        | Reached skill level 15 in Fighting
   604 | D        | Killed a komodo dragon
   605 | D        | Reached skill level 10 in Dodging
   605 | D        | Noticed a catoblepas
   617 | D        | Killed a cane toad
   617 | D        | Received a gift from Trog
   621 | D        | Killed a komodo dragon
   622 | D        | Killed an elephant
   623 | D        | Reached XP level 10. HP: 24/107 MP: 9/9
   624 | D        | Killed a catoblepas
   952 | D        | Noticed a black mamba
   952 | D        | Noticed a cane toad
   961 | D        | Noticed a black mamba
   963 | D        | Received a gift from Trog
   964 | D        | Noticed an elephant
   966 | D        | Killed a cane toad
   967 | D        | Reached skill level 10 in Armour
   968 | D        | Killed a black mamba
   968 | D        | Reached ****** piety under Trog
   972 | D        | Killed a black mamba
   976 | D        | Killed an elephant
  1066 | D        | Noticed a cane toad
  1066 | D        | Noticed a cane toad
  1070 | D        | Killed a cane toad
  1074 | D        | Received a gift from Trog
  1092 | D        | Killed a cane toad
  1099 | D        | Reached XP level 11. HP: 47/119 MP: 10/10
  1594 | D        | Noticed Erolcha
  1599 | D        | Killed Erolcha
  1599 | D        | Received a gift from Trog
  1600 | D        | Reached skill level 1 in Stealth
  1637 | D        | Noticed Grum
  1643 | D        | Killed Grum
  1678 | D        | Noticed an ettin
  1678 | D        | Noticed an orc knight
  1682 | D        | Killed an orc knight
  1682 | D        | Received a gift from Trog
  1687 | D        | Killed an ettin
  1704 | D        | Received a gift from Trog
  1821 | D        | Noticed an orc knight
  1831 | D        | Received a gift from Trog
  1834 | D        | Killed an orc knight
  1839 | D        | Noticed an orc sorcerer
  1852 | D        | Killed an orc sorcerer
  1957 | D        | Found Fulan's Antique Armour Boutique.
  1957 | D        | Noticed an orc high priest
  1957 | D        | Noticed an orc knight
  1957 | D        | Noticed an orc knight
  1957 | D        | Noticed an orc high priest
  1957 | D        | Noticed an orc high priest
  1958 | D        | Noticed an orc knight
  1965 | D        | Killed an orc high priest
  1966 | D        | Found Vipekif's Antique Weapon Shop.
  1966 | D        | Noticed an orc high priest
  1970 | D        | Killed an orc high priest
  1970 | D        | Received a gift from Trog
  1978 | D        | Killed an orc knight
  1983 | D        | Killed an orc knight
  1984 | D        | Killed an orc high priest
  1986 | D        | Killed an orc knight
  1987 | D        | Killed an orc high priest
  1988 | D        | Reached XP level 12. HP: 42/136 MP: 11/11
  2483 | D        | Found Hijurchusk's Assorted Antiques.
  2483 | D        | Noticed an orc high priest
  2485 | D        | Found Nuovyud's Antique Armour Shop.
  2487 | D        | Noticed an orc high priest
  2492 | D        | Killed an orc high priest
  2492 | D        | Identified the +6 quarterstaff of Linearity {antimagic,
                  | Will++ Str+3 SInv} (Trog gifted it to you in the Dungeon)
  2492 | D        | Received a gift from Trog
  2495 | D        | Killed an orc high priest
  2496 | D        | Noticed an orc high priest
  2518 | D        | Killed an orc high priest
  2572 | D        | Bought a pair of glowing gloves for 202 gold pieces
  2583 | D        | Bought runed acid dragon scales for 1161 gold pieces
  2601 | D        | Bought a sapphire potion for 20 gold pieces
  2601 | D        | Bought a coppery potion for 20 gold pieces
  2601 | D        | Bought a potion of might for 92 gold pieces
  2602 | D        | Bought a shiny chain mail for 172 gold pieces
  2648 | D        | Noticed Maurice
  2656 | D        | Killed Maurice
  2750 | D        | Got the +0 pair of boots "Uzi Tis" {Harm rF+ Dex-5 Slay+2}
  2825 | D        | Noticed a death knight
  2825 | D        | Noticed a centaur warrior
  2833 | D        | Received a gift from Trog
  2835 | D        | Noticed a stone giant
  2838 | D        | Killed a centaur warrior
  2840 | D        | Noticed a spriggan air mage
  2846 | D        | HP: 4/139 [spriggan air mage/the air (4)]
  3268 | D        | Killed a death knight
  3268 | D        | HP: 10/208 [mirror damage (19)]
  3694 | D        | Killed a stone giant
  4031 | D        | Killed a spriggan air mage
  4031 | D        | Identified the +4 long sword "Pim Keugru" {vorpal, Str+4}
                  | (Trog gifted it to you in the Dungeon)
  4031 | D        | Received a gift from Trog
  4060 | D        | Noticed a tengu warrior
  4082 | D        | Killed a tengu warrior
  4445 | D        | Noticed a deep troll shaman
  4451 | D        | Killed a deep troll shaman
  4674 | D        | Received a gift from Trog
  4686 | D        | Noticed a stone giant
  4695 | D        | Killed a stone giant
  5009 | D        | Reached skill level 15 in Armour
  5035 | D        | Noticed Azrael
  5043 | D        | Killed Azrael
  5044 | D        | Reached XP level 13. HP: 102/150 MP: 12/12
  5046 | D        | Received a gift from Trog
  5417 | D        | Noticed Aizul
  5434 | D        | Killed Aizul
  5698 | D        | Reached skill level 15 in Dodging
  5699 | D        | Received a gift from Trog
  5836 | D        | Received a gift from Trog
  5837 | D        | Reached skill level 1 in Shields
  5864 | D        | Received a gift from Trog
  6138 | D        | Noticed an emperor scorpion
  6141 | D        | Reached skill level 5 in Shields
  6150 | D        | Received a gift from Trog
  6194 | D        | Killed an emperor scorpion
  6424 | D        | Reached skill level 1 in Evocations
  6427 | D        | Identified the +4 demon blade "Jellybane" {flame, rPois rC+
                  | Will+} (Trog gifted it to you in the Dungeon)
  6427 | D        | Received a gift from Trog
  6457 | D        | Received a gift from Trog
  6844 | D        | Noticed Urug
  6854 | D        | Killed Urug
  7128 | D        | Noticed a fire dragon
  7128 | D        | Noticed a fire giant
  7128 | D        | Noticed a fire giant
  7128 | D        | Noticed a red very ugly thing
  7128 | D        | Noticed a fire dragon
  7132 | D        | Killed a red very ugly thing
  7137 | D        | Noticed a stone giant
  7138 | D        | Killed a fire dragon
  7139 | D        | Reached XP level 14. HP: 166/166 MP: 13/13
  7144 | D        | Killed a fire giant
  7145 | D        | Noticed a cyan very ugly thing
  7558 | D        | Killed a fire giant
  7559 | D        | Reached skill level 27 in Fighting
  7559 | D        | Reached skill level 10 in Shields
  7886 | D        | Killed a stone giant
  8083 | D        | Received a gift from Trog
  8476 | D        | Reached skill level 27 in Long Blades
  8626 | D        | Received a gift from Trog
  8873 | D        | Noticed a brown very ugly thing
  8874 | D        | Noticed a purple very ugly thing
  8883 | D        | Killed a purple very ugly thing
  8886 | D        | Killed a purple very ugly thing
  8888 | D        | Killed a green very ugly thing
  9036 | D        | Noticed an ironbound preserver
  9041 | D        | Killed an ironbound preserver
  9041 | D        | Received a gift from Trog
  9050 | D        | Noticed a vault warden
  9051 | D        | Reached skill level 15 in Shields
  9059 | D        | Received a gift from Trog
  9074 | D        | Killed a vault warden
  9081 | D        | Received a gift from Trog
  9084 | D        | Noticed a sphinx
  9090 | D        | Paralysed by a sphinx for 2 turns
  9094 | D        | Killed a sphinx
  9096 | D        | Received a gift from Trog
  9109 | D        | Received a gift from Trog
  9411 | D        | Noticed Saint Roka
  9449 | D        | Killed Saint Roka
  9451 | D        | Received a gift from Trog
  9508 | D        | Noticed Boris
  9523 | D        | Killed Boris
  9833 | D        | Noticed Jory
  9843 | D        | Killed Jory
  9844 | D        | Reached XP level 15. HP: 174/174 MP: 14/14
  9891 | D        | Noticed Nikola
  9915 | D        | Killed Nikola
  9915 | D        | Identified the +3 long sword "Jyjoes" {flame, Str+4 SInv}
                  | (Trog gifted it to you in the Dungeon)
  9915 | D        | Received a gift from Trog
 10336 | D        | Got the +0 pair of gloves of Solemn Fun {rPois rF- rCorr
                  | Dex+5}
 10358 | D        | Got the +0 cloak of the Earth {-Tele rPois Regen+ Int+2}
 10525 | D        | Noticed an emperor scorpion
 10530 | D        | Received a gift from Trog
 10536 | D        | Killed an emperor scorpion
 10553 | D        | Got a gossamer rune of Zot
 10641 | D        | Noticed a nagaraja
 10641 | D        | Noticed a nagaraja
 10641 | D        | Noticed a nagaraja
 10643 | D        | Noticed a nagaraja
 10645 | D        | Killed a nagaraja
 10645 | D        | Identified the +12 scimitar of the Inferno {flame, Fly
                  | rCorr Stlth+} (Trog gifted it to you in the Dungeon)
 10645 | D        | Received a gift from Trog
 10648 | D        | Killed a nagaraja
 10649 | D        | Noticed a nagaraja
 10650 | D        | Noticed a nagaraja
 10655 | D        | Killed a nagaraja
 10657 | D        | Killed a nagaraja
 10657 | D        | Received a gift from Trog
 10662 | D        | Killed a nagaraja
 10668 | D        | Killed a nagaraja
 10674 | D        | Received a gift from Trog
 10680 | D        | Noticed a nagaraja
 10696 | D        | Killed a nagaraja
 10696 | D        | Received a gift from Trog
 10699 | D        | Got a serpentine rune of Zot
 10934 | D        | Noticed Ilsuiw
 10971 | D        | Killed Ilsuiw
 10974 | D        | Received a gift from Trog
 10995 | D        | Got a barnacled rune of Zot
 11078 | D        | Received a gift from Trog
 11105 | D        | Reached skill level 27 in Shields
 11110 | D        | Received a gift from Trog
 11121 | D        | Reached skill level 1 in Throwing
 11125 | D        | Got a decaying rune of Zot
 11178 | D        | Noticed Xtahua
 11192 | D        | Paralysed by Xtahua for 7 turns
 11197 | D        | HP: 3/174 [Xtahua (19)]
 11199 | D        | Killed from afar by Xtahua

Illustrated notes

Levels and vault maps discovered:
D:        linesprint [early_d, line_temple, items_1, d_10, items_2, lair_1,
          lair_end, items_3, orc_1, orc_end, items_4, d_15, swamp_1, shoals_1,
          snake_1, spider_1, d_20, vaults_1, items_5, swamp_end, shoals_end,
          snake_end, spider_end, vaults_end, d_27, items_6, zot_1, zot_end,
          crypt_end, forest_end, elf_end, slime_end, tomb_end, abyss_end,
          pan_hell_end]

Skill      XL: |  1  2  3  4  5  6  7  8  9 10 11 12 13 14 15 |
---------------+----------------------------------------------+-----
Fighting       | 4 7 8 10 11 13 14 16 18 21 23 26 27 | 27.0
Long Blades    | 4 7 9 10 12 15 16 18 20 22 24 26 27 | 27.0
Armour         | 4 5 6 7 8 9 11 13 15 18 21 | 21.3
Dodging        | 3 4 5 6 8 9 10 12 13 14 16 19 21 | 21.1
Stealth        | 1 3 4 |  4.1
Shields        | 9 19 27 | 27.0
Evocations     | 1 3 4 |  4.9
Throwing       | 1 |  1.0

Action                   |  1- 3 |  4- 6 |  7- 9 | 10-12 | 13-15 || total
-------------------------+-------+-------+-------+-------+-------++-------
Melee: Falchion          |    16 |     7 |       |       |       ||    23
       Headbutt          |     5 |       |    12 |    64 |   122 ||   203
       Scimitar          |       |    16 |    46 |    20 |       ||    82
       Punch             |       |       |     2 |       |       ||     2
       Great sword       |       |       |       |   249 |     9 ||   258
       Demon blade       |       |       |       |       |   528 ||   528
Throw: Javelin           |       |       |       |       |     1 ||     1
Invok: Berserk           |     1 |     1 |     2 |     9 |    15 ||    28
       Brothers in Arms  |       |       |     1 |     2 |     6 ||     9
Evoke: Wand              |       |       |       |       |    10 ||    10
  Use: Potion            |       |       |       |     2 |     7 ||     9
       Scroll            |       |       |       |     2 |     3 ||     5
 Stab: Confused          |       |       |       |       |     1 ||     1
Armor: Animal skin       |     2 |     1 |       |       |       ||     3
       Ring mail         |       |     5 |    10 |    14 |       ||    29
       Swamp dragon scal |       |       |       |    36 |    67 ||   103
       Chain mail        |       |       |       |     1 |    55 ||    56
Dodge: Dodged            |     3 |    13 |    36 |   101 |   152 ||   305
Block: Kite shield       |       |       |       |       |    82 ||    82
       Tower shield      |       |       |       |       |   200 ||   200

Table legend: (Time is in decaauts) A = Elapsed time spent in this place. B = Non-inter-level travel time spent in this place. C = Inter-level travel time spent in this place. D = Time resting spent in this place. E = Time spent auto-exploring this place. F = Levels seen in this place. G = Mean time per level. A B C D E F G +--------+--------+--------+--------+--------+-----+--------+ Total | 11162 | 11162 | 0 | 6030 | 2101 | 1 | 11162.0 | Dungeon | 11162 | 11162 | 0 | 6030 | 2101 | 1 | 11162.0 | +--------+--------+--------+--------+--------+-----+--------+

Top non-repeatable levels by time:
       D: 11162 daAuts
